 Dungeon Crawl Stone Soup version 0.28.0 (console) character file.

Game seed: 15961369708467234266

12 ryathie the Chopper (level 2, -7/19 HPs)
             Began as a Gargoyle Berserker on Feb 16, 2022.
             Was a Follower of Trog.
             Mangled by Sigmund (8 damage)
             ... on level 3 of the Dungeon.
             The game lasted 00:01:28 (582 turns).

ryathie the Chopper (Gargoyle Berserker)             Turns: 582, Time: 00:01:29

Health: -7/19      AC:  4    Str: 20    XL:     2   Next: 33%
Magic:  2/2        EV: 11    Int:  7    God:    Trog [*.....]
Gold:   19         SH:  0    Dex:  9    Spells: 1/1 levels left

rFire   . . .      SeeInvis .   a - +0 hand axe
rCold   . . .      Faith    .   (no shield)
rNeg    + . .      Spirit   .   b - +0 animal skin
rPois   ∞          Reflect  .   (no helmet)
rElec   +          Harm     .   (no cloak)
rCorr   .          Rampage  .   (no gloves)
Will    .....                   (no boots)
Stlth   +.........              (no amulet)
HPRegen 0.06/turn               d - ring of flight
MPRegen 0.08/turn               (no ring)

@: on berserk cooldown, flying, slowed, very slow
A: sickness immunity, AC +2, negative energy resistance 1, electricity
resistance, torment resistance 1, petrification resistance
a: Renounce Religion, Berserk


You were on level 3 of the Dungeon.
You worshipped Trog.
Trog was aware of your devotion.
You visited 1 branch of the dungeon, and saw 3 of its levels.

You collected 19 gold pieces.

Inventory:

Hand Weapons
 a - a +0 hand axe (weapon)
Armour
 b - a +0 animal skin (worn)
Jewellery
 d - a ring of flight (left hand)
Scrolls
 c - a scroll of holy word {unknown}
Potions
 e - a potion of cancellation {unknown}


   Skills:
 - Level 3.2 Fighting
 + Level 3.3 Axes
 - Level 2.1 Armour
 - Level 1.5 Dodging


You had one spell level left.
You didn't know any spells.
Your spell library was empty.

Dungeon Overview and Level Annotations

Branches:
Dungeon (3/15)

Altars:
Qazlal

Annotations:
D:3 Sigmund


Innate Abilities, Weirdness & Mutations

You are immune to sickness and miasma.
Your stone body is resilient. (AC +2)
You are immune to poison.
You resist negative energy. (rN+)
You are resistant to electric shocks. (rElec)
You are resistant to unholy torment.
You are immune to petrification.


Message History

You now have 19 gold pieces (gained 13).
Sigmund the Dreaded comes into view.
He is wielding a +0 scythe of flaming.
What are your orders? t - Shout!
Orders for allies: a - Attack new target. r - Retreat! s - Stop attacking. g - Guard the area. f - Follow me.
Anything else - Cancel.
You shout for attention!
Sigmund shouts!
Sigmund gestures at you while chanting.
You are confused.
You bump into the rock wall.
You bump into the rock wall.
You bump into the rock wall.
You feel less confused.
A red film seems to cover your vision as you go berserk!
You feel yourself moving faster!
You feel mighty!
You feel a strong urge to attack something.
You feel your anger nearly subside.
You are no longer berserk.
You are exhausted.
You feel yourself slow down.
Sigmund hits you with a +0 scythe of flaming.
Sigmund burns you.
You slash Sigmund!
Sigmund is moderately wounded.
Sigmund barely misses you.
You closely miss Sigmund.
Sigmund is moderately wounded.
Sigmund hits you with a +0 scythe of flaming!
Ouch! That really hurt!
* * * LOW HITPOINT WARNING * * *
Sigmund burns you.
* * * LOW HITPOINT WARNING * * *
You hit Sigmund.
Sigmund is moderately wounded.
Sigmund barely misses you.
You closely miss Sigmund.
Sigmund is moderately wounded.
Sigmund hits you with a +0 scythe of flaming!
You die...

##..#..##. #
####.......... . .#
#........#.#.# ##.
.###............# ..
.......##.......# .#
###....##......###.#
...................#
###.####.......##@.#
#.# #........@..###
#.# #.##...#..#...##
♣♣. #.#
#.#....##.###..#
#.... ...
......###......#...♣
.## ########
######.....♣ .
#.......♣ #......♣♣
#........ ##.......


You could see Sigmund.

Vanquished Creatures
  A bat (D:2)
  An endoplasm (D:2)
  2 goblins (D:2)
  A kobold (D:2)
  3 quokkas
  A frilled lizard (D:2)
  A rat (D:3)
10 creatures vanquished.

Notes
Turn   | Place    | Note
-------+----------+-------------------------------------------
     0 | D:1      | ryathie the Gargoyle Berserker began the quest for the Orb.
     0 | D:1      | Reached XP level 1. HP: 14/14 MP: 1/1
   303 | D:2      | Reached XP level 2. HP: 19/19 MP: 2/2
   465 | D:3      | Found a stormy altar of Qazlal.
   563 | D:3      | Noticed Sigmund
   582 | D:3      | Mangled by Sigmund

Illustrated notes

Levels and vault maps discovered:
D:1:      evilmike_arrival_rings, layout_basic, ebering_ecumenical_altar_mist,
          minmay_worlds_worst_comb
D:2:      layout_rooms, columned_hall_lemuel
D:3:      layout_rooms, mainiacjoe_overflow_small_starburst,
          nicolae_qazlal_eye_of_the_storm, slow_altar_1, uniq_sigmund

Skill      XL: |  1 |
---------------+----+-----
Axes           | 3 |  3.3
Fighting       | |  3.2
Armour         | |  2.1
Dodging        | |  1.5

Action                   || total
-------------------------++-------
Melee: Hand axe          ||    32
Invok: Berserk           ||     2
Armor: Animal skin       ||     6
Dodge: Dodged            ||    13
